Map: Disco Bloodbath LE

Players

Disobey

  • Race: Protoss Protoss
  • League: Diamond
  • Spawn Location: 3:00

pHARM - Winner!

  • Race: Zerg Zerg
  • League: Platinum
  • Spawn Location: 9:00

VOD

Have the link to the VOD?

Description

Time

  • Played on: Oct. 5, 2019, 11:11 p.m.
  • Length: 17:55
Show
View Real Time Build Order
Export as new Build Order

Disobey Protoss 

Build Orders: 1 Gate Expand, Oracle Opening, Phoenix Opening 

Get SALT Encoding   

  12  0:01  Probe  
  13  0:17  Probe  
  13  0:21  Pylon  
  14  0:29  Probe  
  15  0:39  Gateway  
  15  0:42  Probe  
  16  0:48  Assimilator  
  16  0:54  Probe  
  17  1:06  Probe  
  18  1:21  Probe  
  19  1:27  Nexus  
  19  1:37  Probe  
  20  1:47  Cybernetics Core  
  20  1:52  Probe  
  21  1:56  Assimilator  
  21  2:04  Probe  
  22  2:14  Pylon  
  22  2:18  Probe  
  23  2:23  Warp Gate  
  23  2:32  Probe  
  24  2:41  Stargate  
  24  2:42  Pylon  
  24  2:46  Adept  
  24  2:50  Probe  
  26  2:51  Probe  
  27  3:02  Probe  
  28  3:08  Probe  
  29  3:15  Probe  
  29  3:16  Sentry  
  32  3:20  Probe  
  34  3:27  Shield Battery, Probe  
  34  3:29  Phoenix  
  34  3:32  Probe  
  37  3:39  Probe  
  38  3:44  Probe  
  39  3:51  Probe  
  39  3:52  Oracle (Chrono Boost)  
  43  3:56  Probe  
  44  4:06  Probe  
  44  4:09  Probe  
  46  4:13  Gateway, Twilight Council  
  46  4:14  Gateway  
  46  4:18  Probe  
  46  4:20  Pylon  
  46  4:21  Probe  
  48  4:24  Assimilator  
  48  4:25  Assimilator  
  48  4:31  Oracle  
  51  4:33  Probe  
  51  4:34  Probe  
  54  4:45  Probe  
  54  4:46  Probe  
  54  4:49  Charge  
  55  4:55  Adept  
  55  4:57  Probe  
  58  5:08  Adept  
  60  5:20  Probe (Chrono Boost)  
  60  5:21  Probe (Chrono Boost)  
  62  5:34  Pylon  
  62  5:36  Pylon  
  62  5:52  Probe x2  
  62  5:53  Nexus  
  62  5:54  Pylon  
  64  6:04  Probe x2  
  66  6:15  Pylon  
  66  6:16  Pylon, Probe x2  
  68  6:19  Gateway  
  68  6:28  Probe x2  
  68  6:30  Dark Shrine  
  70  6:34  Gateway  
  70  6:36  Gateway  
  70  6:40  Probe  
  71  6:59  Probe x2  
  73  7:08  Pylon  
  73  7:10  Forge  
  67  7:44  Protoss Ground Weapons Level 1 (Chrono Boost)  
  67  7:45  Zealot x3  
  67  7:46  Zealot x3  
  79  7:53  Gateway, Pylon  
  79  8:05  Templar Archives  
  79  8:14  Assimilator  
  79  8:15  Zealot x2, Assimilator  
  79  8:16  Zealot x4  
  91  8:25  Probe x3  
  94  8:36  Pylon x2  
  94  8:44  Nexus  
  94  8:46  Pylon  
  94  8:48  Pylon  
  94  8:51  Robotics Facility  
  94  8:53  Robotics Facility  
  94  8:54  Pylon  
  94  8:57  High Templar x3  
  94  8:58  High Templar x4  
  108  9:09  Psionic Storm  
  108  9:14  Gateway  
  108  9:17  Pylon  
  108  9:21  Pylon  
  106  9:26  Archon x3  
  106  9:30  High Templar  
  106  9:31  High Templar x6  
  117  9:39  Archon  
  117  9:40  Archon x2  
  117  9:42  Immortal x2  
  125  9:46  Shield Battery  
  125  9:48  Photon Cannon  
  125  9:51  Photon Cannon  
  125  9:53  Pylon  
  125  9:55  Photon Cannon x2  
  125  9:56  Photon Cannon  
  125  9:59  Photon Cannon  
  125  10:04  High Templar x2  
  129  10:16  Dark Templar  
  131  10:22  Immortal  
  131  10:24  Zealot  
  131  10:25  Zealot x4  
  123  10:44  Zealot x2  
  123  10:45  Zealot x2  
  123  10:49  High Templar  
  119  10:50  High Templar x2  
  123  10:57  Protoss Ground Armor Level 1 (Chrono Boost)  
  123  10:59  Gateway  
  123  11:01  Gateway  
  123  11:04  Gateway  
  123  11:06  Gateway, Probe x3  
  126  11:17  Zealot x3  
  126  11:18  Probe, Zealot x2  
  137  11:23  Nexus, Dark Templar x2  
  141  11:25  Pylon  
  141  11:26  Pylon  
  135  12:06  Robotics Bay  
  127  12:10  High Templar x2  
  127  12:11  High Templar x3  
  127  12:15  Shield Battery  
  137  12:17  Shield Battery  
  137  12:19  Shield Battery  
  137  12:21  Gateway x2  
  137  12:23  Gateway  
  137  12:36  Forge  
  137  12:56  Fleet Beacon, Protoss Ground Weapons Level 2 (Chrono Boost)  
  136  13:09  Colossus x2, Extended Thermal Lance (Chrono Boost)  
  148  13:12  Protoss Ground Armor Level 2 (Chrono Boost)  
  130  13:55  Stalker x3  
  124  13:56  Stalker x3  
  124  13:57  Stalker x2  
  120  14:31  Zealot x3  
  120  14:32  Zealot x2  
  124  14:43  Stalker x5  
  80  15:01  Void Ray  
  77  15:09  Dark Templar x2  
  77  15:10  Stargate  
  77  15:11  Stargate, Zealot x4  
  77  15:12  Zealot x5  
  90  15:31  Zealot x2  
  90  15:32  Zealot x4  
  90  15:33  Zealot x2  
  90  15:36  Zealot x4  
  90  16:01  Pylon  
  88  16:05  Zealot x5  
  88  16:06  Zealot x3  
  100  16:25  Zealot x5  
  106  16:26  Zealot  
  46  16:59  Zealot  
  46  17:00  Zealot x6  
  23  17:30  Nexus  
  23  17:31  Pylon  
  23  17:37  Zealot x2  
Show
View Real Time Build Order
Export as new Build Order

pHARM Zerg - Winner!

Build Orders: Hatch First, Brood Lord Corruptor 

Get SALT Encoding   

  12  0:01  Drone  
  13  0:12  Overlord  
  13  0:23  Drone  
  14  0:30  Drone x2  
  16  0:49  Hatchery  
  15  1:00  Drone x3  
  18  1:16  Spawning Pool  
  18  1:17  Drone  
  18  1:34  Drone x2  
  20  1:54  Drone x2  
  22  2:03  Queen  
  22  2:06  Hatchery  
  22  2:07  Queen  
  25  2:19  Zergling x2  
  26  2:25  Drone x2  
  26  2:27  Overlord  
  28  2:52  Drone x6  
  34  3:09  Drone x2  
  36  3:16  Overlord x3  
  36  3:17  Queen x2  
  40  3:30  Drone x2  
  42  3:37  Drone x4  
  42  3:38  Drone x2  
  47  3:50  Spore Crawler  
  47  3:54  Spore Crawler  
  45  3:56  Extractor  
  45  3:57  Extractor  
  45  3:59  Extractor  
  42  4:10  Overlord x4  
  42  4:16  Drone x2  
  42  4:17  Drone  
  45  4:20  Drone x2  
  47  4:26  Drone x4  
  51  4:40  Spore Crawler  
  51  4:41  Drone x8  
  51  4:44  Metabolic Boost  
  58  4:54  Queen  
  58  4:57  Lair  
  61  5:07  Drone x7  
  67  5:26  Evolution Chamber  
  67  5:27  Evolution Chamber  
  65  5:32  Baneling Nest  
  64  5:43  Overlord x4  
  64  5:46  Extractor  
  64  5:48  Extractor  
  60  6:06  Drone  
  60  6:07  Drone x12  
  73  6:22  Hydralisk Den  
  73  6:24  Infestation Pit  
  71  6:29  Drone x3  
  71  6:32  Zerg Ground Armor Level 1, Zerg Melee Weapons Level 1  
  74  6:33  Centrifical Hooks  
  74  6:37  Zergling x18  
  79  6:54  Drone x3  
  79  6:55  Drone  
  83  7:14  Hatchery  
  82  7:16  Drone  
  83  7:28  Hive, Extractor  
  82  7:30  Grooved Spines  
  82  7:32  Zergling x26  
  87  7:44  Drone  
  87  7:45  Drone x2  
  90  8:04  Overlord x6  
  90  8:20  Hydralisk x3  
  90  8:22  Hydralisk x3  
  102  8:27  Hydralisk x3  
  108  8:34  Baneling x10  
  108  8:35  Baneling x9  
  108  8:36  Hydralisk x4  
  116  8:41  Muscular Augments  
  116  8:44  Zerg Ground Armor Level 2, Zerg Melee Weapons Level 2  
  116  8:53  Spire  
  115  8:59  Hydralisk x6  
  126  9:28  Hydralisk x7  
  126  9:29  Hydralisk x2  
  144  9:37  Baneling  
  144  9:38  Baneling x5  
  144  9:39  Baneling  
  144  9:40  Zergling x2  
  144  9:41  Zergling x12  
  151  9:49  Overlord x6  
  151  10:07  Drone x3  
  151  10:08  Drone x2  
  151  10:10  Drone  
  157  10:17  Zergling x8  
  157  10:18  Zergling x14  
  168  10:22  Greater Spire  
  125  10:54  Overseer x8  
  125  10:58  Zergling x12  
  125  10:59  Zergling x26  
  125  11:01  Baneling x11  
  125  11:02  Baneling x2  
  144  11:14  Drone x5  
  144  11:15  Drone x4  
  153  11:19  Extractor  
  152  11:26  Extractor  
  151  11:37  Overlord x12  
  142  12:05  Corruptor x13  
  159  12:24  Baneling x4  
  159  12:25  Baneling x6  
  159  12:32  Adrenal Glands  
  159  12:36  Zerg Ground Armor Level 3  
  159  12:37  Zerg Melee Weapons Level 3  
  159  13:08  Brood Lord x4  
  159  13:11  Zergling x46  
  159  13:12  Zergling x2  
  179  13:46  Hatchery  
  125  13:58  Brood Lord  
  125  14:02  Zergling x40  
  135  14:03  Zergling x8  
  133  14:12  Brood Lord  
  133  14:13  Brood Lord x3  
  133  14:14  Brood Lord  
  135  14:18  Brood Lord  
  129  14:27  Zergling x12  
  106  14:54  Zergling x28  
  115  15:10  Queen  
  115  15:12  Zergling x16  
  115  15:13  Zergling x2  
  126  15:24  Baneling x8  
  120  15:38  Overseer  
  120  15:40  Zergling x30  
  112  16:20  Zergling x34  
  112  16:21  Zergling x8  
  125  16:45  Zergling x16  
  125  16:46  Zergling x12  
  127  16:52  Zergling x12  
  112  16:57  Zergling x4  
  101  17:21  Overseer x6  
  101  17:22  Overseer x3  
  92  17:26  Zergling x16  
  92  17:27  Zergling x10  
Tags
 
Add a new tag
Caveats
  • Supply blocks, unpowered buildings, or Contaminate may cause inaccurate times.
  • Supply counts are checked every 10 seconds.